 Dungeon Crawl Stone Soup version 0.18.1-48-g4cf74bf (webtiles) character file.

565 tagomago the Carver (level 7, -10/57 HPs)
             Began as a Minotaur Berserker on July 11, 2016.
             Was a Believer of Trog.
             Killed by divine providence
             ... invoked by an orc priest
              (14 damage)
             ... on level 4 of the Dungeon.
             The game lasted 00:06:28 (2480 turns).

tagomago the Carver (Minotaur Berserker)            Turns: 2480, Time: 00:06:29

Health: -10/57     AC:  3    Str: 22    XL:     7   Next: 10%
Magic:  6/6        EV: 12    Int:  4    God:    Trog [**....]
Gold:   152        SH:  0    Dex: 11    Spells: 0 memorised, 6 levels left

rFire  . . .     SeeInvis .     a - +0 falchion
rCold  . . .     Gourm    .     b - +0 animal skin
rNeg   . . .     Faith    .     (no shield)
rPois  .         Spirit   .     (helmet restricted)
rElec  .         Dismiss  .     (no cloak)
rCorr  .         Reflect  .     o - +0 pair of gloves
SustAt .         Harm     .     (no boots)
MR     .....                    (no amulet)
Stlth  +.........               (no ring)
                                (no ring)

@: lethally poisoned (-10 -> -13), exhausted, slowed, very slow, not resistant
to hostile enchantments, very unstealthy
A: retaliatory headbutt, horns 2
a: Berserk, Trog's Hand, Burn Spellbooks, Renounce Religion


You were on level 4 of the Dungeon.
You worshipped Trog.
Trog was pleased with you.
You were not hungry.

You visited 1 branch of the dungeon, and saw 4 of its levels.

You collected 152 gold pieces.

Inventory:

Hand Weapons
 a - a +0 falchion (weapon)
Missiles
 q - 6 tomahawks (quivered)
Armour
 b - a +0 animal skin (worn)
 o - a +0 pair of gloves (worn)
Jewellery
 h - an uncursed ring of ice
Scrolls
 d - a scroll of recharging {unknown}
 e - 2 scrolls of fog {unknown}
 g - a scroll of identify {unknown}
 j - 3 scrolls of enchant weapon {unknown}
 k - a scroll of amnesia {unknown}
 l - 2 scrolls of teleportation {unknown}
 m - a scroll of fear {unknown}
 n - a scroll of blinking {unknown}
Potions
 c - a potion of lignification {unknown}
 p - a potion of degeneration {unknown}
Comestibles
 f - 8 fruits
 i - 2 meat rations


   Skills:
 - Level 3.6 Fighting
 + Level 9.8 Long Blades
 - Level 2.4 Armour
 - Level 2.1 Dodging


You had 6 spell levels left.
You didn't know any spells.

Dungeon Overview and Level Annotations

Branches:
Dungeon (4/15)
 Temple: D:4-7

Altars:
Xom


Innate Abilities, Weirdness & Mutations

You reflexively headbutt those who attack you in melee.
You have a pair of horns on your head.


Message History

The orc priest shouts!
The orc priest moves out of view.
The orc wizard hits you but does no damage.
You are poisoned.
You closely miss the orc wizard.
You feel sick.
The orc wizard gestures at you while chanting.
The puff of flame hits you!
* * * LOW HITPOINT WARNING * * *
You hit the orc wizard but do no damage.
You headbutt the orc wizard!
The orc wizard is heavily wounded.
Your skin stops crawling.
You feel less resistant to hostile enchantments.
* * * LOW HITPOINT WARNING * * *
You feel sick.
The orc wizard casts a spell.
The orc wizard seems to speed up.
The orc priest invokes the aid of Beogh against you.
Beogh smites you!
You die...

..##.###.##...# ..
..+.......+...+.....+......
..+##....##...##....#......
#........##................
#.................# .......
#.............)...# .......
#.................# ...$...
................).##.....#.
................@..........
...............o####.....#.
................# #'####
.................... ..#
...............o..... .#
.....#................o#
....................W. .
...................... ..
...............#......


You could see an orc priest and an orc wizard.

Vanquished Creatures
  The ghost of tagomago the Basher, a novice MiFi (D:4)
  A hound (D:4)
  Jessica (D:3)
  A hound skeleton (D:3)
  11 adders
  2 howler monkey skeletons (D:3)
  3 adder skeletons (D:3)
  A worm (D:2)
  A dart slug (D:1)
  3 giant geckos
  5 orcs
  2 giant cockroaches
  3 goblins
  5 hobgoblins
  A jackal (D:2)
  3 kobolds
  A quokka (D:2)
  2 ball pythons
  A ball python skeleton (D:3)
  7 bats
  3 giant newts
  7 rats
65 creatures vanquished.

Notes
Turn   | Place    | Note
--------------------------------------------------------------
     0 | D:1      | tagomago the Minotaur Berserker began the quest for the Orb.
     0 | D:1      | Reached XP level 1. HP: 19/19 MP: 0/0
   133 | D:1      | Reached skill level 4 in Long Blades
   144 | D:1      | Reached XP level 2. HP: 18/26 MP: 1/1
   784 | D:2      | Reached skill level 5 in Long Blades
   820 | D:2      | Reached XP level 3. HP: 13/31 MP: 2/2
  1232 | D:2      | Found a faded altar to an unknown god.
  1289 | D:2      | Found a shimmering altar of Xom.
  1422 | D:2      | Reached skill level 6 in Long Blades
  1422 | D:2      | Reached XP level 4. HP: 36/39 MP: 3/3
  1764 | D:3      | Noticed Jessica
  1766 | D:3      | Reached ** piety under Trog
  1771 | D:3      | Killed Jessica
  1870 | D:3      | Reached XP level 5. HP: 40/45 MP: 4/4
  1909 | D:3      | Reached skill level 7 in Long Blades
  2133 | D:3      | HP: 2/45 [asphyx]
  2423 | D:4      | Reached skill level 8 in Long Blades
  2448 | D:4      | Noticed tagomago's ghost (novice MiFi)
  2472 | D:4      | Killed tagomago's ghost
  2472 | D:4      | Reached skill level 9 in Long Blades
  2472 | D:4      | Reached XP level 6. HP: 5/51 MP: 5/5
  2472 | D:4      | Reached XP level 7. HP: 5/57 MP: 6/6
  2480 | D:4      | Killed from afar by an orc priest

Skill      XL: |  1  2  3  4  5 |
---------------+----------------+-----
Long Blades    | 4 5 6 9 |  9.8
Fighting       | |  3.6
Armour         | |  2.4
Dodging        | |  2.1

Action                   |  1- 3 |  4- 6 |  7- 9 || total
-------------------------+-------+-------+-------++-------
Melee: Falchion          |    57 |    99 |     3 ||   159
       Headbutt          |     9 |    14 |     1 ||    24
Invok: Berserk           |       |     2 |       ||     2
       Trog's Hand       |       |     2 |       ||     2
       Burn Spellbooks   |       |     1 |       ||     1
  Use: Potion            |       |     2 |       ||     2
  Eat: Bread ration      |     1 |     1 |       ||     2
Armor: Animal skin       |    14 |    20 |     1 ||    35
Dodge: Dodged            |    31 |    71 |       ||   102
